 Dungeon Crawl Stone Soup version 0.31-a0-263-ge8cad7f256 (webtiles) character file.

Game seed: 2239184427123302085

91 qw the Shooter (level 4, -4/36 HPs)
             Began as a Minotaur Hexslinger on July 13, 2023.
             Slain by a gnoll
             ... wielding a +2 flail of venom
             ... led by a gnoll bouda
              (9 damage)
             ... on level 2 of the Dungeon.
             The game lasted 00:00:30 (1115 turns).

qw the Shooter (Minotaur Hexslinger)                Turns: 1115, Time: 00:00:30

Health: -4/36      AC:  5    Str: 12    XL:     4   Next: 34%
Magic:  4/4        EV: 11    Int: 10    God:
Gold:   63         SH:  5    Dex: 15    Spells: 4/5 levels left

rFire   . . .        Y - +1 sling (flame)
rCold   . . .        (no shield)
rNeg    . . .        j - +0 ring mail
rPois   .            (helmet restricted)
rElec   .            (no cloak)
rCorr   .            (no gloves)
SInv    .            (no boots)
Will    .....        e - amulet of reflection
Stlth   +            (no ring)
HPRegen 0.26/turn    (no ring)
MPRegen 0.09/turn

%: reflection
@: lethally poisoned (-4 -> -6), weakened
A: horns 2, retaliatory headbutt
a: no special abilities


You were on level 2 of the Dungeon.
You visited 1 branch of the dungeon, and saw 2 of its levels.

You collected 63 gold pieces.


Innate Abilities, Weirdness & Mutations

You have a pair of horns on your head.
You reflexively headbutt those who attack you in melee.


   Skills:
 - Level 2.0 Fighting
 + Level 4.6 Ranged Weapons
 - Level 1.2 Armour
 - Level 2.1 Dodging
 - Level 1.0 Spellcasting
 - Level 2.0 Hexes


You had 4 spell levels left.
You knew the following spells:

 Your Spells              Type           Power      Damage    Failure   Level
a - Slow                  Hex            16%        N/A       34%         1

Your spell library contained the following spells:

 Spells                   Type           Power      Damage    Failure   Level
 Inner Flame              Hex/Fire       2%         N/A       83%         3
 Portal Projectile        Hex/Tloc       4%         N/A       83%         3
 Cause Fear               Hex            2%         N/A       98%         4

Inventory:

Hand Weapons
 Y - a +1 sling of flaming (weapon)
Armour
 f - a +0 pair of gloves
 j - a +0 ring mail (worn)
Jewellery
 e - an amulet of reflection (around neck)
Scrolls
 a - a scroll of immolation {unknown}
 c - a scroll of teleportation {unknown}
Potions
 b - a potion of brilliance {unknown}
 d - a potion of curing {unknown}

Dungeon Overview and Level Annotations

Branches:
Dungeon (2/15)

Altars:
Elyvilon

Shops:
D:2 (=


Message History

The gnoll shouts!
You hear a bark! x2
The gnoll bouda closely misses you.
You shoot a sling bullet.
The sling bullet hits the gnoll bouda but does no damage.
The gnoll bouda is heavily wounded.
You block the gnoll bouda's attack. The gnoll hits you with a +0 club.
A jackal comes into view.
The gnoll bouda closely misses you.
The gnoll hits you with a +2 flail of venom!
You are poisoned.
You shoot a sling bullet.
The sling bullet hits the gnoll bouda but does no damage.
The gnoll bouda is heavily wounded.
You feel very sick.
A jackal comes into view.
The gnoll barely misses you. You furiously retaliate!
You headbutt the gnoll. You block the gnoll's attack.
The gnoll bouda hits you with a +0 whip.
The gnoll closely misses you.
You shoot a sling bullet. The jackal barks!
The sling bullet hits the gnoll bouda.
The sling bullet burns the gnoll bouda.
The gnoll bouda is severely wounded.
You feel sick. The gnoll misses you.
The gnoll bouda gazes fiercely through you!
You feel your attacks grow feeble. The gnoll bouda barely misses you.
You furiously retaliate!
You headbutt the gnoll bouda. The gnoll barely misses you.
The gnoll hits you with a +2 flail of venom!
You shoot a sling bullet. The sling bullet hits the gnoll bouda.
The sling bullet burns the gnoll bouda.
The gnoll bouda is almost dead.
You feel sick.
A ball python comes into view.
The gnoll throws a throwing net.
The throwing net closely misses you.
The gnoll bouda calls upon its god to heal the gnoll.
The gnoll's wounds heal themselves!
The gnoll hits you with a +2 flail of venom!
You die...

###### #######
...... #......
......#######
#......
.........(..#
#......
\.....g.....#
##......
####%g@....#
#.......
.......g....#
#.......
.....g.....##
#.......
....h.####.#
#....... ...h..
#.# #.######
S..... #.# #.#
..... #.# #.#
..... ##.###
#.#
#....####.#####


You could see a gnoll bouda, 3 gnolls, 2 jackals and a ball python (wandering).

Vanquished Creatures
  3 gnolls (D:2)
  2 adders (D:2)
  A dart slug (D:1)
  2 ball pythons
  5 endoplasms
  3 giant cockroaches
  5 goblins
  3 hobgoblins
  5 jackals (D:2)
  2 bats (D:1)
  2 frilled lizards
  3 kobolds
  2 rats
38 creatures vanquished.

Notes
Turn   | Place    | Note
-------+----------+-------------------------------------------
     0 | D:1      | qw the Minotaur Hexslinger began the quest for the Orb.
     0 | D:1      | Reached XP level 1. HP: 16/16 MP: 1/1
     0 | D:1      | 0 ||| qw: Version: 0.3-a-52-g30416fa
     0 | D:1      | 0 ||| qw: Game counter: 7545
     0 | D:1      | 0 ||| qw: Melee chars always use a shield: true
     0 | D:1      | 0 ||| qw: God list: Okawaru
     0 | D:1      | 0 ||| qw: Allow faded altars: false
     0 | D:1      | 0 ||| qw: Do Orc after clearing Dungeon:15 true
     0 | D:1      | 0 ||| qw: Do second Lair branch before Depths: true
     0 | D:1      | 0 ||| qw: Lair rune preference: random
     0 | D:1      | 0 ||| qw: Goals: Normal
     0 | D:1      | 0 ||| PLANNING D:1-11
    90 | D:1      | 90 ||| FLEEEEING.
    90 | D:1      | HP: 4/16 [dart slug/slug dart (6)]
    91 | D:1      | 91 ||| FLEEEEING.
   145 | D:1      | Reached skill level 3 in Ranged Weapons
   145 | D:1      | Reached XP level 2. HP: 23/23 MP: 2/2
   780 | D:1      | 780 ||| UPGRADING to +0 ring mail.
   790 | D:1      | 790 ||| DROPPING +0 robe.
   791 | D:1      | 791 ||| UPGRADING to amulet of reflection.
   796 | D:1      | 796 ||| READING scroll labelled ASUOBE YNIA.
   797 | D:1      | 797 ||| READING scroll labelled IRUEXZ DIESMU.
   798 | D:1      | 798 ||| READING scroll labelled MUYRRUV NOGG.
   799 | D:1      | 799 ||| READING scroll labelled EMA POFYEWATURPH.
   800 | D:1      | 800 ||| DROPPING scroll of poison.
   883 | D:2      | Reached XP level 3. HP: 29/29 MP: 3/3
   904 | D:2      | Found a white marble altar of Elyvilon.
   933 | D:2      | Found Dusizo Qasar's Jewellery Shop.
   946 | D:2      | 946 ||| SHOPLISTING +4 ring of protection (468 gold, have
                  | 63).
   946 | D:2      | 946 ||| SHOPLISTING ring of positive energy (260 gold, have
                  | 63).
  1017 | D:2      | Reached skill level 4 in Ranged Weapons
  1035 | D:2      | Reached skill level 1 in Armour
  1036 | D:2      | Reached XP level 4. HP: 36/36 MP: 4/4
  1102 | D:2      | Found Uhaoxah's Weapon Shoppe.
  1114 | D:2      | HP: 7/36 [gnoll/+2 flail of venom[a gnoll bouda] (9)]
  1115 | D:2      | Slain by a gnoll

Levels and vault maps discovered:
D:1:      lemuel_arrival_behind_the_door_large, layout_basic,
          minmay_pentomino_p2
D:2:      layout_basic, serial_shops, shop, nicolae_shop_advertising_works
          [nicolae_subvault_shop_adworks], shop, basic_altar,
          uniq_crazy_yiuf_cottage

Skill      XL: |  1  2  3 |
---------------+----------+-----
Ranged Weapons | 3 4 |  4.6
Fighting       | 2 |  2.0
Armour         | 1 |  1.2
Dodging        | |  2.1
Spellcasting   | |  1.0
Hexes          | |  2.0

Action                     |  1- 3 |  4- 6 || total
---------------------------+-------+-------++-------
   Fire: Sling             |    78 |    26 ||   104
    Use: Scroll            |     4 |       ||     4
 Armour: Ring mail         |     5 |       ||     5
         Robe              |     2 |       ||     2
  Dodge: Dodged            |    30 |    10 ||    40
  Block: Other             |     6 |     2 ||     8

Table legend:
 A = Non-vault XP
 B = Vault XP
 C = Vault XP percentage of total XP
 D = Non-vault monster count
 E = Vault monster count
 F = Vault count percentage of total count
                 A         B        C        D         E       F
            +---------+---------+-------+---------+---------+-------
      Total |     131 |       0 |   0.0 |      38 |       0 |   0.0
            +---------+---------+-------+---------+---------+-------
        D:1 |      32 |       0 |   0.0 |      17 |       0 |   0.0
        D:2 |      99 |       0 |   0.0 |      21 |       0 |   0.0
            +---------+---------+-------+---------+---------+-------
